 Dungeon Crawl Stone Soup version 0.31-a0-963-ga325b2283a (webtiles) character file.

Game seed: 7873151514987995333

179 IdlyInterested the Trooper (level 5, 0/42 HPs)
             Began as a Demonspawn Gladiator on Oct 24, 2023.
             Slain by an iguana (6 damage)
             ... on level 4 of the Dungeon.
             The game lasted 00:08:35 (2900 turns).

IdlyInterested the Trooper (Demonspawn Gladiator)   Turns: 2900, Time: 00:08:36

Health: 0/42       AC:  4    Str: 14    XL:     5   Next: 33%
Magic:  5/5        EV: 13    Int: 10    God:
Gold:   100        SH: 11    Dex: 28    Spells: 4/4 levels left

rFire   . . .        u - +0 falchion (vamp)
rCold   . . .        (no shield)
rNeg    . . .        b - +0 leather armour
rPois   .            c - +0 helmet
rElec   .            (no cloak)
rCorr   .            (no gloves)
SInv    .            (no boots)
Will    .....        k - amulet of reflection
Stlth   ++           e - +6 ring of dexterity
HPRegen 0.27/turn    o - +6 ring of dexterity
MPRegen 0.09/turn

%: reflection
@: no status effects
A: large bone plates 2, demonic magic 1
a: no special abilities


You were on level 4 of the Dungeon.
You visited 1 branch of the dungeon, and saw 4 of its levels.

You collected 100 gold pieces.

Inventory:

Hand Weapons
 a - a +0 rapier
 u - a +0 vampiric falchion (weapon)
Missiles
 d - 2 throwing nets
 f - 22 stones (quivered)
 g - 11 poisoned darts
 j - a boomerang
 m - a javelin
Armour
 b - a +0 leather armour (worn)
 c - a +0 helmet (worn)
Jewellery
 e - a +6 ring of dexterity (left hand)
 k - an amulet of reflection (around neck)
 o - a +6 ring of dexterity (right hand)
 q - a ring of magical power
Wands
 t - a wand of flame (8)
Scrolls
 h - a scroll of revelation
 i - a scroll of enchant armour
 n - 2 scrolls of fog
 r - 2 scrolls of identify
Potions
 l - a potion of enlightenment {unknown}
 p - a potion of ambrosia {unknown}
 s - 2 potions of mutation {unknown}


   Skills:
 - Level 4.0 Fighting
 - Level 2.6 Short Blades
 - Level 2.0 Throwing
 - Level 2.0 Armour
 - Level 2.6 Dodging
 + Level 1.4 Stealth
 - Level 2.0 Evocations


You had 4 spell levels left.
You didn't know any spells.
Your spell library contained the following spells:

 Spells                   Type           Power      Damage    Failure   Level
 Apportation              Tloc           0%         N/A       43%         1
 Necrotise                Necr           0%         1d4       43%         1
 Summon Small Mammal      Summ           0%         N/A       43%         1


Dungeon Overview and Level Annotations

Branches:
Dungeon (4/15)
 Temple: D:4-7

Altars:


Innate Abilities, Weirdness & Mutations

You are mostly covered in large bone plates. (SH +6)
Spells you cast may paralyse adjacent enemies.


Message History

You block the kobold's attack.
You closely miss the kobold.
The kobold is moderately wounded.
The kobold hits you with a +0 dagger. The kobold misses you.
The iguana hisses angrily.
You hit the kobold.
You feel better.
The kobold is severely wounded.
The kobold hits you but does no damage.
You closely miss the kobold.
The kobold is severely wounded.
You block the kobold's attack.
You slash the kobold!
You kill the kobold!
You block the iguana's attack.
Things that are here:
a +0 dagger; 2 stones You closely miss the iguana.
You block the iguana's attack.
The iguana bites you but does no damage.
You closely miss the iguana. The iguana bites you!
You hit the iguana.
The iguana is moderately wounded.
The iguana bites you!
You hit the iguana but do no damage.
The iguana is moderately wounded.
The iguana bites you!
* * * LOW HITPOINT WARNING * * *
You hit the iguana.
You feel better.
The iguana is heavily wounded.
The iguana bites you!
* * * LOW HITPOINT WARNING * * *
You hit the iguana but do no damage.
The iguana is heavily wounded.
The iguana barely misses you. The iguana completely misses you.
You hit the iguana.
The iguana is almost dead.
The iguana closely misses you.
You hit the iguana but do no damage.
The iguana is almost dead.
The iguana bites you.
You die...

..... . .O.... . #.# ##
#...##. #####.. ##.. .##.#....
#...... ###... .......<.
#...... #.... .........
#......###..# ##.......
#......$...)########.....(....
#......#..#.=@l...........l...
#......<......................
#......##................####.
#...... #................ .
#...... #............ #...$..
#............ #######
#............ #............
##........


You could see an iguana.

Vanquished Creatures
  5 adders
  6 gnolls
  2 dart slugs
  5 orcs (D:3)
  7 ball pythons
  7 endoplasms
  2 giant cockroaches
  3 goblins
  7 hobgoblins
  2 jackals (D:2)
  6 kobolds
  2 quokkas
  5 bats
  A frilled lizard (D:1)
  6 rats
66 creatures vanquished.

Notes
Turn   | Place    | Note
-------+----------+-------------------------------------------
     0 | D:1      | IdlyInterested the Demonspawn Gladiator began the quest for
                  | the Orb.
     0 | D:1      | Reached XP level 1. HP: 16/16 MP: 1/1
   175 | D:1      | Reached skill level 1 in Armour
   180 | D:1      | Gained mutation: You are partially covered in large bone
                  | plates. (SH +4) [demonic ancestry]
   180 | D:1      | Reached XP level 2. HP: 22/22 MP: 2/2
   421 | D:1      | Reached skill level 1 in Stealth
   531 | D:1      | Found a faded altar of an unknown god.
  1144 | D:2      | Reached skill level 1 in Evocations
  1175 | D:2      | Gained mutation: You are mostly covered in large bone
                  | plates. (SH +6) [demonic ancestry]
  1175 | D:2      | Reached XP level 3. HP: 28/28 MP: 3/3
  1214 | D:2      | Reached skill level 3 in Fighting
  1383 | D:2      | Gained mutation: Spells you cast may paralyse adjacent
                  | enemies. [demonic ancestry]
  1383 | D:2      | Reached XP level 4. HP: 35/35 MP: 4/4
  2093 | D:3      | Reached skill level 4 in Fighting
  2243 | D:3      | Reached XP level 5. HP: 42/42 MP: 5/5
  2789 | D:4      | Noticed an ogre
  2900 | D:4      | Slain by an iguana

Illustrated notes

Levels and vault maps discovered:
D:1:      orjb1_clovarrival, layout_loops_ring,
          hellmonk_ecumenical_altar_crossroads
D:2:      layout_basic
D:3:      layout_basic
D:4:      layout_rooms, minmay_temple_entry_ruins, feat_on_display

Skill      XL: |  1  2  3  4  5 |
---------------+----------------+-----
Armour         | 1 2 |  2.0
Stealth        | 1 |  1.4
Evocations     | 1 2 |  2.0
Fighting       | 3 4 |  4.0
Throwing       | 2 |  2.0
Short Blades   | |  2.6
Dodging        | |  2.6

Action                     |  1- 3 |  4- 6 || total
---------------------------+-------+-------++-------
  Melee: Rapier            |   107 |    87 ||   194
         Punch             |     1 |     3 ||     4
         Falchion          |       |    29 ||    29
  Throw: Stone             |    12 |       ||    12
         Throwing net      |     2 |       ||     2
         Javelin           |     1 |       ||     1
    Use: Scroll            |       |     4 ||     4
   Stab: Sleeping          |     1 |     1 ||     2
         Held in net/web   |     1 |       ||     1
         Distracted        |       |     1 ||     1
 Armour: Leather armour    |    40 |    34 ||    74
  Dodge: Dodged            |    56 |    54 ||   110
  Block: Other             |    28 |    68 ||    96
         Reflection        |     2 |     2 ||     4

Table legend: (Time is in decaauts)
 A = Elapsed time spent in this place.
 B = Non-inter-level travel time spent in this place.
 C = Inter-level travel time spent in this place.
 D = Time resting spent in this place.
 E = Time spent auto-exploring this place.
 F = Levels seen in this place.
 G = Mean time per level.
                   A        B        C        D        E       F      G
               +--------+--------+--------+--------+--------+-----+--------+
         Total |   2933 |   2507 |    426 |    406 |   1389 |   4 |  733.2 |
       Dungeon |   2933 |   2507 |    426 |    406 |   1389 |   4 |  733.2 |
               +--------+--------+--------+--------+--------+-----+--------+

Top non-repeatable levels by time:
     D:2: 991 daAuts
     D:1: 976 daAuts
     D:3: 927 daAuts
     D:4: 38 daAuts
